 Dungeon Crawl Stone Soup version 0.25-a0-306-g3faca94807 (webtiles) character file.

Game seed: 5692912016658108308, levelgen mode: deterministic

180 Redear the Skirmisher (level 5, -3/42 HPs)
             Began as a Mummy Monk on Dec 21, 2019.
             Slain by an orc
             ... wielding a +0 whip
              (7 damage)
             ... on level 4 of the Dungeon.
             The game lasted 00:06:54 (6159 turns).

Redear the Skirmisher (Mummy Monk)                  Turns: 6159, Time: 00:06:55

Health: -3/42      AC:  2    Str: 15    XL:     5   Next: 33%
Magic:  5/5        EV: 14    Int:  9    God:
Gold:   125        SH:  0    Dex: 15    Spells: 4/4 levels left

rFire    x . .     SeeInvis .     - Unarmed
rCold    + . .     Gourm    .   (no shield)
rNeg     + + +     Faith    .   (no armour)
rPois    ∞         Spirit   .   a - +1 helmet
rElec    .         Reflect  .   (no cloak)
rCorr    .         Harm     .   (no gloves)
MR       .....                  (no boots)
Stlth    ++........             (no amulet)
HPRegen  0.14/turn              (no ring)
MPRegen  0.09/turn              (no ring)

@: about to teleport
A: no food or potions, fire vulnerability, cold resistance 1, negative energy
resistance 3, torment resistance, unbreathing
a: no special abilities


You were on level 4 of the Dungeon.
You were not hungry.

You visited 1 branch of the dungeon, and saw 4 of its levels.

You collected 125 gold pieces.

Inventory:

Armour
 a - a +1 helmet (worn)
 c - a +0 hat
Jewellery
 b - an uncursed amulet of regeneration {unknown}
Scrolls
 e - a scroll of enchant weapon
 h - a scroll of noise
 M - 3 scrolls of magic mapping
 N - 3 scrolls of remove curse {@r2}
 T - a scroll of teleportation {@r3}


   Skills:
 + Level 4.3 Fighting
 + Level 3.5 Dodging
 - Level 1.5 Stealth
 + Level 3.4 Unarmed Combat


You had 4 spell levels left.
You didn't know any spells.
Your spell library was empty.

Dungeon Overview and Level Annotations

Branches:
Dungeon (4/15)
 Temple: D:4-7

Altars:

Annotations:
D:3 Sigmund


Innate Abilities, Weirdness & Mutations

You do not eat or drink.
Your flesh is vulnerable to fire.
You are immune to poison.
Your flesh is cold resistant. (rC+)
You are immune to negative energy. (rN+++)
You are immune to unholy pain and torment.
You can survive without breathing.


Message History

You hit the ogre but do no damage.
The ogre is moderately wounded.
The ogre hits you with a +0 giant spiked club!!
Ouch! That really hurt!
* * * LOW HITPOINT WARNING * * *
You take 26 damage, and have 6/42 hp.
MASSIVE DAMAGE!!
Unknown command.
Unknown command.
A worm comes into view.
As you read the scroll of teleportation {@r3}, it crumbles to dust.
You feel strangely unstable. The orc hits you with a +0 whip.
* * * LOW HITPOINT WARNING * * *
You take 3 damage, and have 3/42 hp.
Okay, then.
Unknown command.
Unknown command.
You hit the worm.
The worm is lightly wounded.
The orc hits you with a +0 whip!
You die...

#..######.#...#....
#..# #.#.###....
#.## #..######.#.#
#....
#...o#)a.......#.#
#....
#..ZoZoO...$.....#
#....
#..a###o##########
#.... # #o# #####
#o# #@# #w# #.# ..#
..# .... #... #...


You could see an ogre, a worm, a worker ant and 4 orcs.

Vanquished Creatures
  An orc wizard (D:4)
  Robin (D:3)
  3 adders
  3 oozes
  4 worms
  A dart slug (D:1)
  3 leopard geckos
  5 orcs
  A giant cockroach (D:3)
  18 goblins
  8 hobgoblins
  2 jackals (D:1)
  A quokka (D:4)
  9 bats
  6 frilled lizards
  A jackal skeleton (D:4)
  10 kobolds
  9 rats
86 creatures vanquished.

Notes
Turn   | Place    | Note
-------+----------+-------------------------------------------
     0 | D:1      | Redear the Mummy Monk began the quest for the Orb.
     0 | D:1      | Reached XP level 1. HP: 18/18 MP: 1/1
   297 | D:1      | Reached XP level 2. HP: 21/24 MP: 2/2
  1342 | D:1      | Reached XP level 3. HP: 18/29 MP: 3/3
  2212 | D:2      | Reached skill level 3 in Unarmed Combat
  2558 | D:2      | Reached skill level 3 in Dodging
  2912 | D:2      | Reached XP level 4. HP: 36/37 MP: 4/4
  3929 | D:3      | Noticed Robin
  3975 | D:2      | Reached skill level 4 in Fighting
  4530 | D:3      | Noticed Sigmund
  5203 | D:3      | Killed Robin
  5740 | D:4      | Reached XP level 5. HP: 25/42 MP: 5/5
  6142 | D:4      | Noticed an ogre
  6156 | D:4      | HP: 3/42 [orc/+0 whip (3)]
  6159 | D:4      | Slain by an orc

Levels and vault maps discovered:
D:1:      minmay_arrival_wavy_path, layout_basic
D:2:      layout_basic, chequers_arboretum
D:3:      layout_loops_ring, uniq_robin, uniq_sigmund
D:4:      layout_basic, ebering_ghost_sewer_f, serial_rivers,
          chequers_serial_rivers_micro_c, chequers_serial_rivers_micro_b,
          chequers_serial_rivers_micro_e, chequers_serial_rivers_micro_a,
          chequers_serial_rivers_micro_a, chequers_serial_rivers_micro_c,
          first_ration, st_stairs_12

Skill      XL: |  1  2  3  4 |
---------------+-------------+-----
Unarmed Combat | 3 |  3.4
Dodging        | 3 |  3.5
Fighting       | 4 |  4.3
Stealth        | |  1.5

Action                   |  1- 3 |  4- 6 || total
-------------------------+-------+-------++-------
Melee: Unarmed           |   200 |   217 ||   417
       Punch             |     3 |     3 ||     6
  Use: Scroll            |     1 |    10 ||    11
 Stab: Sleeping          |     6 |     4 ||    10
       Distracted        |       |     1 ||     1
Armor: Skin              |       |     5 ||     5
Dodge: Dodged            |   147 |   108 ||   255

Table legend:
 A = Non-vault XP
 B = Vault XP
 C = Vault XP percentage of total XP
 D = Non-vault monster count
 E = Vault monster count
 F = Vault count percentage of total count
                 A         B        C        D         E       F
            +---------+---------+-------+---------+---------+-------
      Total |     223 |      35 |  13.6 |      74 |      12 |  14.0
            +---------+---------+-------+---------+---------+-------
        D:1 |      59 |       0 |   0.0 |      30 |       0 |   0.0
        D:2 |      58 |       2 |   3.3 |      21 |       1 |   4.5
        D:3 |      46 |      33 |  41.8 |      16 |      11 |  40.7
        D:4 |      60 |       0 |   0.0 |       7 |       0 |   0.0
            +---------+---------+-------+---------+---------+-------
